 Dungeon Crawl Stone Soup version 0.27-a0-1006-g1fd4cec11e (webtiles) character file.

Game seed: 17091278612507120086

455 siradein the Slasher (level 6, -9/47 HPs)
             Began as a Demonspawn Fighter on Apr 17, 2021.
             Mangled by Menkaure (13 damage)
             ... on level 3 of the Dungeon.
             The game lasted 00:08:08 (4781 turns).

siradein the Slasher (Demonspawn Fighter)           Turns: 4781, Time: 00:08:09

Health: -9/47      AC: 14    Str: 19    XL:     6   Next: 76%
Magic:  6/6        EV:  3    Int:  9    God:
Gold:   103        SH:  9    Dex: 12    Spells: 5/5 levels left

rFire    . . .     SeeInvis .   r - +2 dagger (venom)
rCold    . . .     Faith    .   c - +0 kite shield
rNeg     . . .     Spirit   .   p - +0 plate armour
rPois    .         Reflect  .   (helmet restricted)
rElec    .         Harm     .   (no cloak)
rCorr    .         Rampage  .   (no gloves)
Will     .....                  o - +0 pair of boots
Stlth    ..........             (no amulet)
HPRegen  0.15/turn              (no ring)
MPRegen  0.10/turn              (no ring)

@: no status effects
A: antennae 1, yellow scales 1, demonic guardian 1
a: no special abilities


You were on level 3 of the Dungeon.
You visited 1 branch of the dungeon, and saw 4 of its levels.

You collected 103 gold pieces.

Inventory:

Hand Weapons
 a - a +0 long sword
 r - a +2 dagger of venom (weapon)
Missiles
 n - 10 poisoned darts (quivered)
Armour
 c - a +0 kite shield (worn)
 o - a +0 pair of boots (worn)
 p - a +0 plate armour (worn)
Jewellery
 s - an amulet of regeneration
Scrolls
 b - a scroll of amnesia {unknown}
 e - a scroll of fear {unknown}
 f - 5 scrolls of identify {unknown}
 g - a scroll of blinking {unknown}
 i - 4 scrolls of magic mapping {unknown}
 k - 2 scrolls of vulnerability {unknown}
 m - a scroll of immolation {unknown}
 q - a scroll of enchant weapon {unknown}
Potions
 d - a potion of might
 h - 2 potions of curing {unknown}
 j - a potion of attraction {unknown}
 l - a potion of mutation {unknown}


   Skills:
 - Level 3.0 Fighting
 + Level 6.7 Long Blades
 - Level 2.6 Armour
 - Level 2.6 Shields


You had 5 spell levels left.
You didn't know any spells.
Your spell library was empty.

Dungeon Overview and Level Annotations

Branches:
Dungeon (4/15)
 Temple: D:4-7

Altars:

Shops:
D:3 (

Annotations:
D:3 Menkaure
D:4 Purgy


Innate Abilities, Weirdness & Mutations

You have a pair of small antennae on your head.
You are partially covered in yellow scales. (AC +2)
A weak demonic guardian rushes to your aid.


Message History

You hit the centaur skeleton but do no damage.
The centaur skeleton is almost destroyed.
The centaur skeleton hits you but does no damage.
The centaur skeleton completely misses you.
You hit the centaur skeleton.
You destroy the centaur skeleton!
Menkaure gestures at you while chanting.
Pain shoots through your body!
You climb upwards.
There is a stone staircase leading down here.
You hit Menkaure but do no damage. Menkaure hits you!
You hit Menkaure but do no damage. You block Menkaure's attack.
You hit Menkaure.
Menkaure is lightly damaged.
Menkaure hits you!
You hit Menkaure but do no damage.
Menkaure is lightly damaged.
You hit Menkaure.
Menkaure is moderately damaged.
Menkaure hits you but does no damage.
You hit Menkaure.
Menkaure is heavily damaged.
Menkaure hits you!
* * * LOW HITPOINT WARNING * * *
A demonic guardian appears!
You hit Menkaure.
Menkaure is heavily damaged.
Menkaure casts a spell.
Menkaure seems to speed up.
Your shadow imp hits Menkaure but does no damage.
You hit Menkaure.
Menkaure is severely damaged.
Menkaure calls on the powers of darkness!
Your body is wracked with pain!
* * * LOW HITPOINT WARNING * * *
Your shadow imp hits Menkaure.
You hit Menkaure.
Menkaure is almost destroyed.
Menkaure hits you!
You die...

.....#.....#
.....#..#### .....'..#
.....##.# '##.....#
.##.###.##############
###.# #.##...........#
###.###.##.#########.#
..............5M@....#
.##.###.......########
.##.# #.###.#.####
....###.....#....#
.................#
.######.###....#.#
....# #..........# ###
.#### #........#.# #.#
.# ###.....##.# #.#


You could see Menkaure (fast, ally target) and a friendly shadow imp (summoned).

Vanquished Creatures
  An ogre (D:3)
  A bullfrog (D:2)
  2 orc priests (D:3)
  A centaur skeleton (D:4)
  A scorpion zombie (D:2)
  2 orc wizards
  A hound zombie (D:2)
  3 adders (D:3)
  An adder zombie (D:2)
  2 adder skeletons
  2 worms
  2 dart slugs (D:2)
  3 orcs (D:3)
  5 ball pythons
  2 bat skeletons (D:2)
  4 bat zombies (D:2)
  4 endoplasms
  A giant cockroach (D:1)
  6 goblins
  6 hobgoblins
  5 kobolds
  3 quokkas
  A ball python skeleton (D:2)
  3 ball python zombies (D:2)
  6 bats
  4 frilled lizards
  2 giant cockroach zombies (D:2)
  6 rats
80 creatures vanquished.

Vanquished Creatures (collateral kills)
  An orc priest (D:3)
  An orc (D:3)
  A jackal (D:4)
  A quokka (D:4)
4 creatures vanquished.

Grand Total: 84 creatures vanquished

Notes
Turn   | Place    | Note
-------+----------+-------------------------------------------
     0 | D:1      | siradein the Demonspawn Fighter began the quest for the
                  | Orb.
     0 | D:1      | Reached XP level 1. HP: 18/18 MP: 1/1
    53 | D:1      | Reached skill level 2 in Long Blades
   231 | D:1      | Found a faded altar of an unknown god.
   313 | D:1      | Gained mutation: A weak demonic guardian rushes to your
                  | aid. [demonic ancestry]
   313 | D:1      | Reached XP level 2. HP: 16/24 MP: 2/2
  1136 | D:2      | Reached skill level 3 in Long Blades
  1136 | D:2      | Reached XP level 3. HP: 25/29 MP: 3/3
  1493 | D:2      | Reached XP level 4. HP: 27/35 MP: 4/4
  1494 | D:2      | Reached skill level 4 in Long Blades
  1694 | D:2      | Noticed a bullfrog
  1739 | D:2      | Killed a bullfrog
  1764 | D:2      | Gained mutation: You have a pair of small antennae on your
                  | head. [demonic ancestry]
  1764 | D:2      | Reached XP level 5. HP: 4/41 MP: 5/5
  2321 | D:3      | Noticed an ogre
  2333 | D:3      | Killed an ogre
  2334 | D:3      | Reached skill level 5 in Long Blades
  2956 | D:3      | Gained mutation: You are partially covered in yellow
                  | scales. (AC +2) [demonic ancestry]
  2956 | D:3      | Reached XP level 6. HP: 31/47 MP: 6/6
  3162 | D:3      | Found Fokuududd's Weapon Emporium.
  3475 | D:3      | Reached skill level 6 in Long Blades
  4302 | D:4      | Noticed Purgy
  4453 | D:4      | Noticed Menkaure
  4781 | D:3      | Mangled by Menkaure

Illustrated notes

Levels and vault maps discovered:
D:1:      dpeg_arrival_water_temple_mockup, layout_rooms,
          shapermc_ecumenical_altar_notcrosses
D:2:      layout_rooms, serial_undead, serial_undead_d, serial_undead_a,
          serial_undead_b, serial_undead_d, serial_undead_f, serial_undead_b,
          serial_undead_d, serial_undead_f, serial_undead_e, serial_undead_b,
          columned_hall_lemuel
D:3:      layout_basic, serial_shops, nicolae_shop_waterfront
D:4:      minmay_evil_eye, layout_loops_cross, jmf_multi_god_temple,
          minmay_temple_entry_tees, uniq_menkaure, uniq_purgy

Skill      XL: |  1  2  3  4  5  6 |
---------------+-------------------+-----
Long Blades    | 2 3 4 5 6 |  6.7
Fighting       | |  3.0
Armour         | |  2.6
Shields        | |  2.6

Action                   |  1- 3 |  4- 6 || total
-------------------------+-------+-------++-------
Melee: Long sword        |    96 |   185 ||   281
       Dagger            |       |    38 ||    38
Armor: Scale mail        |    81 |    82 ||   163
       Plate armour      |       |    97 ||    97
Dodge: Dodged            |    46 |    71 ||   117
Block: Kite shield       |    79 |   124 ||   203
       Rpst.: Long sword |    15 |    23 ||    38

Table legend: (Time is in decaauts)
 A = Elapsed time spent in this place.
 B = Non-inter-level travel time spent in this place.
 C = Inter-level travel time spent in this place.
 D = Time resting spent in this place.
 E = Time spent auto-exploring this place.
 F = Levels seen in this place.
 G = Mean time per level.
                   A        B        C        D        E       F      G
               +--------+--------+--------+--------+--------+-----+--------+
         Total |   4915 |   4851 |     64 |   1122 |   2721 |   4 | 1228.8 |
       Dungeon |   4915 |   4851 |     64 |   1122 |   2721 |   4 | 1228.8 |
               +--------+--------+--------+--------+--------+-----+--------+

Top non-repeatable levels by time:
     D:3: 2145 daAuts
     D:2: 1412 daAuts
     D:1: 1130 daAuts
     D:4: 227 daAuts
